 Dungeon Crawl Stone Soup version 0.28.0-43-g3370ac3207 (webtiles) character file.

Game seed: 15412122244513510374

100 Revguard the Chopper (level 4, -5/35 HPs)
             Began as a Demonspawn Monk on Mar 14, 2022.
             Slain by a small abomination (11 damage)
             ... on level 1 of the Abyss.
             The game lasted 00:05:54 (2486 turns).

Revguard the Chopper (Demonspawn Monk)              Turns: 2486, Time: 00:05:54

Health: -5/35      AC: 13    Str: 13    XL:     4   Next: 46%
Magic:  4/4        EV: 11    Int: 12    God:
Gold:   66         SH:  0    Dex: 15    Spells: 3/3 levels left

rFire   . . .      SeeInvis .   a - +0 hand axe
rCold   . . .      Faith    .   (no shield)
rNeg    . . .      Spirit   .   f - +1 ring mail
rPois   .          Reflect  .   c - +0 helmet
rElec   .          Harm     .   (no cloak)
rCorr   .          Rampage  .   (no gloves)
Will    +....                   (no boots)
Stlth   +.........              (no amulet)
HPRegen 0.11/turn               j - ring of willpower
MPRegen 0.09/turn               (no ring)

@: sanguine armoured
A: sanguine armour 1, weakness stinger 1
a: no special abilities


You were on level 1 of the Abyss.
You visited 1 branch of the dungeon, and saw 3 of its levels.
You visited the Abyss 1 time.

You collected 66 gold pieces.

Inventory:

Hand Weapons
 a - a +0 hand axe (weapon)
Armour
 b - a +0 robe
 c - a +0 helmet (worn)
 f - a +1 ring mail (worn)
Jewellery
 g - a ring of positive energy
 j - a ring of willpower (left hand)
Scrolls
 d - a scroll of torment
 i - 2 scrolls of teleportation
 k - a scroll of amnesia
Potions
 e - a potion of curing


   Skills:
 + Level 3.4 Fighting
 * Level 3.5 Axes
 * Level 2.0 Armour
 + Level 3.1 Dodging
 - Level 1.7 Stealth


You had 3 spell levels left.
You didn't know any spells.
Your spell library contained the following spells:

 Spells                   Type           Power      Damage    Failure   Level
 Dazzling Flash           Conj/Hex       0%         N/A       91%         3
 Passage of Golubria      Tloc           0%         N/A       100%        4
 Sticky Flame             Conj/Fire      0%         2d3       100%        4
 Summon Lightning Spire   Summ/Air       0%         N/A       100%        4
 Silence                  Hex/Air        0%         N/A       100%        5
 Lehudib's Crystal Spear  Conj/Erth      0%         10d2      100%        8
 Chain Lightning          Conj/Air       0%         N/A       100%        9


Dungeon Overview and Level Annotations

Branches:
Dungeon (3/15)

Altars:


Innate Abilities, Weirdness & Mutations

When seriously injured, your blood forms armour. (AC +6)
You have a small tail.


Message History

HP restored.
Items here: ( )))))))) [ ÷÷÷÷÷÷.
Found a stone staircase leading up.
Items here: ( )))).
Found 16 bolts.
g - a ring of positive energy A goblin comes into view.
It is wielding a +0 dagger of distortion.
The goblin shouts!
A rat comes into view.
The helpless rat fails to defend itself.
You hit the rat.
You kill the rat!
Found a scroll of teleportation.
You see here a rat corpse.
i - 2 scrolls of teleportation (gained 1)
The goblin closely misses you.
Unknown command.
You hit the goblin but do no damage.
The goblin hits you with a +0 dagger of distortion.
You blink.
You aren't carrying any items that you can evoke.
You hit the goblin.
Your tail-slap misses the goblin.
The goblin is moderately wounded.
The goblin hits you but does no damage.
You are cast into the Abyss!
This branch contains the abyssal rune of Zot.
HP restored.
A small abomination materialises.
The small abomination hits you!!
Ouch! That really hurt!
Your blood congeals into armour.
The small abomination hits you but does no damage.
A large abomination comes into view.
The small abomination hits you. The small abomination hits you!
* * * LOW HITPOINT WARNING * * *
The small abomination misses you.
The large abomination barely misses you.
The small abomination hits you!
You die...

#####.## .......####
#........# ##........#
#.........####
###.............
........X...####
.......@x......###
...............#.# .##
#.....#.....#.........
##...##..#.###....#..
#.... #.###..#..##.#
.... .... ##.#.# . ...
...# #.#.# ... ##...
## .# #..#


You could see a large abomination and a small abomination.

Vanquished Creatures
  Robin (D:3)
  2 adders
  2 worms
  2 dart slugs
  An orc (D:3)
  4 ball pythons
  4 bats
  3 endoplasms
  3 giant cockroaches
  13 goblins
  8 hobgoblins
  2 quokkas
  3 frilled lizards (D:2)
  A kobold (D:3)
  8 rats
57 creatures vanquished.

Notes
Turn   | Place    | Note
-------+----------+-------------------------------------------
     0 | D:1      | Revguard the Demonspawn Monk began the quest for the Orb.
     0 | D:1      | Reached XP level 1. HP: 18/18 MP: 1/1
   180 | D:1      | Gained mutation: You have a small tail. [demonic ancestry]
   180 | D:1      | Reached XP level 2. HP: 21/24 MP: 2/2
   366 | D:1      | Reached skill level 1 in Armour
   427 | D:1      | Got the Guide on Attacks and the Escort
   854 | D:2      | Found a faded altar of an unknown god.
   927 | D:2      | Reached XP level 3. HP: 29/29 MP: 3/3
  2049 | D:3      | Noticed Robin
  2059 | D:3      | Gained mutation: When seriously injured, your blood forms
                  | armour. (AC +6) [demonic ancestry]
  2059 | D:3      | Reached XP level 4. HP: 24/35 MP: 4/4
  2082 | D:3      | Killed Robin
  2454 | D:3      | Cast into level 1 of the Abyss (goblin)
  2468 | Abyss:1  | Noticed a small abomination
  2480 | Abyss:1  | Noticed a large abomination
  2486 | Abyss:1  | Slain by a small abomination

Illustrated notes

Levels and vault maps discovered:
D:1:      amcnicky_arrival_choice, layout_loops_ring
D:2:      layout_loops_ring, hellmonk_ecumenical_altar_inner_sanctum,
          kennysheep_crisscross
D:3:      layout_loops_ring, hellmonk_ghost_happy_afterlife,
          serial_co_window_serial, co_window_of_opportunity_a,
          co_window_paths_b, co_window_paths_a, co_window_paths_a,
          co_window_paths_a, co_window_paths_a, co_window_2corner,
          co_window_broadway_a, co_window_corner_b, co_window_unsneaky_path_e,
          glass_columns_b, glass_columns_a, glass_columns_c, glass_columns_a,
          uniq_robin, uniq_sigmund
Abyss:1:  base:
D:2

Skill      XL: |  1  2  3  4 |
---------------+-------------+-----
Axes           | 3 |  3.5
Armour         | 1 2 |  2.0
Dodging        | 3 |  3.1
Fighting       | |  3.4
Stealth        | |  1.7

Action                   |  1- 3 |  4- 6 || total
-------------------------+-------+-------++-------
Melee: Hand axe          |   127 |    42 ||   169
       Tailslap          |    17 |     5 ||    22
       Punch             |     1 |     1 ||     2
  Use: Scroll            |     5 |       ||     5
       Potion            |     1 |       ||     1
 Stab: Sleeping          |     2 |     1 ||     3
Armor: Robe              |     2 |       ||     2
       Ring mail         |    47 |    13 ||    60
Dodge: Dodged            |    89 |    22 ||   111
